 Dungeon Crawl Stone Soup version 0.18-a0-1273-g8ec5f8e (webtiles) character file.

694875 4thArraOfDagon the Wrestler (level 26, -5/348 HPs)
             Began as a Minotaur Summoner on Feb 7, 2016.
             Was the Champion of Cheibriados.
             Slain by Cerebov
             ... wielding the +6 Sword of Cerebov {flame}
              (27 damage)
             ... in Pandemonium.
             The game lasted 03:13:15 (26856 turns).

4thArraOfDagon the Wrestler (Minotaur Summoner)    Turns: 26856, Time: 03:13:16

Health: -5/348     AC: 33    Str: 43    XL:     26   Next: 65%
Magic:  13/33      EV: 35    Int: 28    God:    Cheibriados [******]
Gold:   4034       SH: 20    Dex: 29    Spells: 10 memorised, 12 levels left

rFire  + + .     SeeInvis +       - Unarmed
rCold  . . .     Gourm    .     (armour currently unavailable)
rNeg   + . .     Faith    .     V - +2 shield {rF+}
rPois  ∞         Spirit   .     B - +2 hat {MR+}
rElec  +         Dismiss  .     C - +2 cloak {rF+}
rCorr  .         Reflect  .     (gloves currently unavailable)
SustAt .         Harm     .     (boots currently unavailable)
MR     +++..     Clarity  +     h - amulet of Vitality {Regen+ HP+15}
Stlth  +++.......               q - +5 ring of slaying
                                M - ring of Sogimon {rF+ MR+ Str+2 SInv}

@: mighty, statue-form, fire vulnerable, regenerating, very slow, extremely
resistant to hostile enchantments, fairly stealthy
A: retaliatory headbutt, horns 2, rugged brown scales 1, blurry vision 1,
clarity, low mp 1, poison resistance
a: End Transformation, Bend Time, Temporal Distortion, Slouch, Step From Time,
Renounce Religion
}: 7/15 runes: serpentine, barnacled, slimy, silver, golden, abyssal, demonic


You were in Pandemonium.
You worshipped Cheibriados.
Cheibriados was exalted by your worship.
You were not hungry.
You were a stone statue.
You visited 11 branches of the dungeon, and saw 56 of its levels.
You visited Pandemonium 1 time, and saw 15 of its levels.
You visited the Abyss 4 times.
You also visited: Labyrinth, Sewer, Ice Cave and Volcano.

You collected 6679 gold pieces.
You spent 2645 gold pieces at shops.

Inventory:

Missiles
 Y - 4 throwing nets (quivered)
Armour
 l - the +2 pair of gloves of the Hunter (melded) {Str+3 Dex+5}
   (You found it in Pandemonium)

   It affects your strength (+3).
   It affects your dexterity (+5).
 B - a +2 hat of magic resistance (worn)
 C - a +2 cloak of fire resistance (worn)
 I - a +2 pair of boots (melded)
 S - the +1 faerie dragon armour (melded) {Str+2 Int+7 Dex-4}
   (You took it off the Enchantress on level 3 of the Depths)

   It affects your strength (+2).
   It affects your intelligence (+7).
   It affects your dexterity (-4).
 V - a +2 shield of fire resistance (worn)
Jewellery
 h - the amulet of Vitality (around neck) {Regen+ HP+15}
   (You found it on level 3 of the Tomb of the Ancients)

   [amulet of regeneration]

   It affects your health (+15).
   It increases your rate of regeneration.
 m - the ring "Zounelau" {Ice +Fly}
   (You found it on level 5 of the Vaults)

   [ring of ice]

   It enhances your ice magic, and weakens your fire magic.
   It makes you vulnerable to fire.
   It protects you from cold.
   It lets you fly.
 q - a +5 ring of slaying (right hand)
 u - the ring of Iferoor {rElec rF- rC++ rN+ Slay+4}
   (You found it on level 5 of the Vaults)

   [ring of positive energy]

   It affects your accuracy and damage with ranged weapons and melee attacks
   (+4).
   It makes you vulnerable to fire.
   It greatly protects you from cold.
   It insulates you from electricity.
   It protects you from negative energy.
 w - the ring of Essi {SustAt rC+ Int+4 Dex+4}
   (You bought it in a shop on level 2 of the Orcish Mines)

   [ring of sustain attributes]

   It sustains your strength, intelligence and dexterity.
   It affects your intelligence (+4).
   It affects your dexterity (+4).
   It protects you from cold.
 M - the ring of Sogimon (left hand) {rF+ MR+ Str+2 SInv}
   (You found it on level 5 of the Vaults)

   [ring of protection from magic]

   It affects your strength (+2).
   It protects you from fire.
   It affects your resistance to hostile enchantments.
   It lets you see invisible.
 T - the ring of Cevuzie {rC+ MP+9 Str+7 Int+7}
   (You took it off a spriggan berserker on level 2 of the Depths)

   [ring of protection from cold]

   It affects your strength (+7).
   It affects your intelligence (+7).
   It protects you from cold.
   It affects your magic capacity (+9).
Wands
 a - a wand of disintegration (12/24)
 b - a wand of heal wounds (6/9)
 s - a wand of digging (9/24)
 P - a wand of teleportation (2/9)
 Q - a wand of teleportation (4/9)
 R - a wand of teleportation (1/9)
Scrolls
 d - a scroll of identify
 e - 13 scrolls of magic mapping
 j - 6 scrolls of recharging
 o - 2 scrolls of summoning
 p - 5 scrolls of remove curse
 x - 7 scrolls of fog
 y - 3 scrolls of blinking
 A - 9 scrolls of teleportation
 E - a scroll of holy word
Potions
 g - 2 potions of invisibility
 i - 4 potions of berserk rage
 k - a potion of cancellation
 n - 4 potions of agility
 v - 6 potions of heal wounds
 z - 2 potions of resistance
 D - 5 potions of brilliance
 F - 15 potions of curing
 L - 4 potions of might
 N - a potion of magic
 W - 2 potions of cure mutation
 X - 3 potions of ambrosia
Miscellaneous
 r - a sack of spiders
 t - a lamp of fire
 G - an ornate deck of summoning {drawn: 2}
 H - 3 phantom mirrors
 J - a figurine of a ziggurat
 K - a phial of floods
 O - a box of beasts
 Z - a fan of gales
Comestibles
 c - 27 bread rations
 f - 17 meat rations


   Skills:
 * Level 21.7 Fighting
 - Level 7.0 Armour
 + Level 19.4 Dodging
 - Level 1.5 Stealth
 - Level 15.0 Shields
 - Level 22.4 Unarmed Combat
 + Level 11.2 Spellcasting
 - Level 3.1 Charms
   Level 2.9 Summonings
 - Level 3.3 Necromancy
 * Level 11.8 Translocations
 - Level 11.5 Transmutations
 - Level 7.7 Earth Magic
 * Level 17.7 Invocations
 - Level 6.3 Evocations


You had 12 spell levels left.
You knew the following spells:

 Your Spells              Type           Power        Failure   Level  Hunger
a - Repel Missiles        Chrm/Air       ###...       3%          2    None
b - Sublimation of Blood  Necr           ####......   1%          2    None
c - Passage of Golubria   Tloc           N/A          1%          4    None
d - Blade Hands           Trmt           ######....   1%          5    ###....
e - Regeneration          Chrm/Necr      ####......   2%          3    None
f - Song of Slaying       Chrm           ####....     1%          2    None
g - Statue Form           Trmt/Erth      ######...    14%         6    #####..
h - Apportation           Tloc           ######....   1%          1    None
i - Controlled Blink      Tloc           N/A          99%         8    #######
j - Blink                 Tloc           N/A          1%          2    None


Dungeon Overview and Level Annotations

Branches:
Dungeon (15/15)            Temple (1/1) D:4            Lair (8/8) D:10
 Shoals (4/4) Lair:4        Snake (4/4) Lair:3        Slime (6/6) Lair:8
    Orc (2/2) D:9             Elf (0/3) Orc:2        Vaults (5/5) D:13
  Crypt (3/3) Vaults:3       Tomb (3/3) Crypt:3      Depths (5/5) D:15
    Zot (0/5) Depths:5

Altars:
Ashenzari
Cheibriados
Dithmenos
Elyvilon
Fedhas
Kikubaaqudgha
Makhleb
Okawaru
Qazlal
Ru
Sif Muna
Trog
Vehumet
Xom
Zin
The Shining One
Beogh

Shops:
D:8 :   D:11 }   Orc:2 !}:*   Shoals:1 (

Portals:
Hell: Lair:8 Depths:1 Depths:3
Abyss: Depths:4
Pandemonium: Depths:3

Annotations:
D:5 namelastname112's ghost, novice DrHu
D:6 exclusion: upstairs
D:8 Psyche
D:15 exclusion: upstairs
Lair:7 exclusion: upstairs
Pan Cerebov


Innate Abilities, Weirdness & Mutations

You reflexively headbutt those who attack you in melee.
You have a pair of horns on your head.
(You are partially covered in rugged brown scales (AC +1, +3% HP).)
Scrolls take you a little longer to read.
You possess an exceptional clarity of mind.
Your magical capacity is low (-10% MP).
Your system is resistant to poisons.


Message History

You furiously retaliate!
You headbutt the Hell Sentinel!!! You block the Hell Sentinel's attack.
The balrug gestures at you.
The fireball explodes!
The fireball engulfs you! You resist.
* * * LOW HITPOINT WARNING * * *
The fireball engulfs the Hell Sentinel.
The Hell Sentinel completely resists.
The fireball engulfs Cerebov.
Cerebov completely resists.
The fireball engulfs the balrug.
The balrug completely resists.
Cerebov shouts, "Despond, thou rough-hewn ill-nurtured mooer!"
Unknown command.
Unknown command.
Unknown command.
You can feel time thicken for a moment.
You kill the Hell Sentinel!
You kill the balrug!
Cheibriados thoroughly appreciates the change of pace.
You feel somewhat more hungry.
Cerebov hits you with a great serpentine sword {flame}!!!
* * * LOW HITPOINT WARNING * * *
Cerebov hits you with a great serpentine sword {flame}!!
You die...

##.##=##.###.##'#
##........# #....#
#..######## ####.#
#####.# #.#
.#..#...#.# #.##
.4.........#...).#
#..# ......
#..#...#.# . ##.#
...... #..#####§#
... #.# ......
#....#.§8####....#
#.# .....
##.....§§&§§'......
#.# ...
#......§§§§§'......
#.: .#
#...........'.....(
#.# .#
#.....#...####....#
#.# .####
#...#####.# .....
#.#
..).####...#|}|#.#
.... ##.#
.##.)......#)$}:.#
... #..#
.######))..#.=|#.#
... #.##


You could see Cerebov.

Vanquished Creatures
  the Royal Jelly (Slime:6)
  Khufu (Tomb:2)
  2 ancient liches
  A juggernaut (Depths:5)
  Mennas (Depths:3)
  The ghost of kroki the Impregnable, a veteran MiBe of Makhleb (Depths:4)
  10 greater mummies
  Frederick (Crypt:3)
  Saint Roka (Vaults:3)
  4 caustic shrikes (Depths:5)
  Nikola (Shoals:3)
  3 golden dragons
  Jory (Crypt:3)
  2 pandemonium lords (Pan)
  the Enchantress (Depths:3)
  A bone dragon (Abyss:5)
  Xtahua (Vaults:4)
  3 Brimstone Fiends (Pan)
  A hellephant (Abyss:5)
  4 tentacled monstrosities
  Jorgrun (Vaults:4)
  12 liches
  7 titans
  4 Shadow Fiends (Pan)
  Agnes (D:14)
  3 quicksilver dragons
  3 tentacled starspawn (Abyss:2)
  Frances (Shoals:2)
  7 sphinxes
  13 acid blobs
  4 shadow dragons
  An Executioner (Pan)
  Polyphemus (Shoals:2)
  7 tengu reavers
  2 ancient champions
  The ghost of 4thArraOfDagon the Brawler, an adept TrAM of Cheibriados (Shoals:4)
  10 greater nagas (Snake:4)
  2 storm dragons
  A revenant (Crypt:2)
  10 azure jellies
  Louise (Depths:4)
  An iron dragon (Depths:3)
  12 vault wardens
  Ilsuiw (Shoals:4)
  A deep elf sorcerer (Vaults:5)
  2 orc warlords
  14 balrugs (Pan)
  3 cacodemons
  14 fire giants
  2 blood saints (Pan)
  7 corrupters (Pan)
  2 deep elf elementalists
  2 angels
  5 chaos champions (Pan)
  4 warmongers (Pan)
  9 frost giants
  A draconian annihilator (Depths:5)
  3 ghouls
  7 ironheart preservers
  A war gargoyle (Vaults:4)
  14 very ugly things
  7 reapers
  11 stone giants
  5 spriggan defenders
  The ghost of namelastname112 the Spear-Bearer, a journeyman DrCK of Lugonu (Lair:6)
  4 salamander stormcallers
  18 vampire knights
  4 deep elf demonologists
  2 dire elephants (Lair:8)
  2 lorocyprocas (Pan)
  2 bennus (Tomb:3)
  16 spark wasps
  2 deep elf annihilators (Vaults:5)
  A yellow draconian (Depths:5)
  2 red draconians (Depths:5)
  Azrael (D:13)
  4 merfolk javelineers (Shoals:4)
  2 eidola
  The ghost of namelastname112 the Archer, a journeyman DrHu of Gozag (D:13)
  3 white draconians (Depths:5)
  A crystal guardian (Vaults:5)
  7 blizzard demons
  11 ettins
  32 vault guards
  A quicksilver dragon zombie (Crypt:3)
  3 deep elf death magi
  11 mummy priests
  3 death oozes (Slime:6)
  A minotaur (Lab)
  A deep elf high priest (Vaults:5)
  7 jiangshi
  Josephine (Lair:8)
  5 fire dragons
  21 yaktaur captains
  9 great orbs of eyes
  4 merfolk impalers (Shoals:4)
  6 entropy weavers
  7 ice dragons
  2 hell beasts (Pan)
  16 naga warriors
  2 spriggan air magi (Depths:3)
  4 centaur warriors
  6 hydras
  3 rakshasas
  2 merfolk avatars
  4 anacondas
  A catoblepas (Shoals:2)
  3 death knights
  4 dancing weapons
  13 ogre magi
  A deep troll shaman (Depths:4)
  A satyr (Shoals:4)
  4 merfolk aquamancers (Shoals:4)
  2 death yaks (Shoals:2)
  27 large abominations
  Urug (D:15)
  5 shock serpents (Snake:4)
  4 deep troll earth magi
  4 tengu warriors
  7 vampire magi (Crypt:3)
  A hell hog (shapeshifter) (Vaults:5)
  A titan zombie (Crypt:3)
  3 spriggan berserkers
  16 naga sharpshooters
  8 soul eaters
  20 sun demons
  8 thrashing horrors
  4 iron golems (D:9)
  A storm dragon zombie (Depths:4)
  Nergalle (D:12)
  A titan skeleton (Abyss:2)
  A fire crab (Vaults:2)
  29 skeletal warriors
  7 wretched stars
  5 hell knights
  6 deep elf knights
  3 salamander mystics
  35 death scarabs
  A ghost moth zombie (Crypt:3)
  2 shadow wraiths
  3 sea snakes
  2 flayed ghosts
  9 deep trolls
  5 shadow demons
  4 torturous demonspawn (Pan)
  5 gelid demonspawn (Pan)
  A giant orange brain (Depths:2)
  19 anubis guards
  6 naga ritualists
  8 deep elf archers
  2 infernal demonspawn (Pan)
  10 hill giants
  A golden dragon skeleton (Abyss:2)
  3 putrid demonspawn (Pan)
  9 necromancers
  5 harpies
  10 ironbrand convokers
  25 phantasmal warriors
  2 shadow dragon zombies
  2 anaconda skeletons
  9 orc knights
  4 mana vipers
  2 wizards
  An orc sorcerer (D:13)
  A wolf spider (Vaults:3)
  3 cyclopes
  A frost giant zombie (Depths:2)
  An oklob plant (Shoals:1)
  2 iron dragon zombies
  33 ugly things
  3 shining eyes
  7 griffons
  8 sixfirhies
  A hornet (Vaults:3)
  4 manticores
  3 shadow dragon skeletons
  7 deep elf magi
  6 water nymphs
  24 fauns
  5 worldbinders
  A shining eye (shapeshifter) (Vaults:5)
  11 salamanders
  3 frost giant skeletons
  7 sirens
  2 centaur zombies
  3 fire giant skeletons
  A titan simulacrum (Abyss:5)
  A stone giant skeleton (Vaults:3)
  4 guardian serpents (Snake:4)
  5 ice statues
  14 smoke demons
  23 black mambas
  A rust devil (Pan)
  12 spiny frogs
  2 centaur skeletons
  A shock serpent skeleton (Crypt:3)
  A spiny frog (shapeshifter) (Abyss:5)
  An apocalypse crab (Abyss:2)
  8 vault sentinels
  8 naga magi
  A hellion (Abyss:5)
  A gargoyle (D:15)
  16 orange demons
  11 komodo dragons
  A yaktaur (shapeshifter) (Vaults:2)
  2 demonic crawlers (Pan)
  2 kobold demonologists (D:13)
  2 efreet
  21 yaktaurs
  A fire drake (shapeshifter) (Vaults:3)
  2 anaconda simulacra (IceCv)
  2 freezing wraiths (Vaults:3)
  12 ice devils
  5 tormentors
  4 fire drakes
  5 spectral swamp worms (Depths:3)
  A tengu conjurer (Depths:2)
  3 hellwings
  14 red devils
  34 guardian mummies
  6 ancient zymes
  9 trolls
  23 two-headed ogres
  3 polar bears
  4 jumping spiders
  10 merfolk
  A merfolk (shapeshifter) (D:15)
  6 raiju
  Prince Ribbit (D:8)
  A tengu simulacrum (Vaults:5)
  A wind drake (Shoals:4)
  22 blink frogs
  16 ushabtiu
  66 slime creatures
  5 boulder beetles
  20 starcursed masses
  12 redbacks
  6 snapping turtles
  A dire elephant simulacrum (IceCv)
  A tarantella (Depths:1)
  5 spriggans
  A spriggan (shapeshifter) (Vaults:5)
  7 water elementals
  35 yaks
  An ettin skeleton (Crypt:3)
  3 fire bats (Volcano)
  A shadow (D:14)
  4 vampires
  A wyvern (Lair:6)
  8 ynoxinuls
  5 fire elementals (D:13)
  A redback (shapeshifter) (Depths:2)
  A yak (shapeshifter) (Vaults:1)
  18 hippogriffs
  16 wraiths
  2 hungry ghosts
  6 neqoxecs
  3 golden eyes (Slime:6)
  10 chaos spawn (Pan)
  14 vampire mosquitoes
  3 wolves
  3 mottled dragons (Vaults:1)
  8 wargs
  4 harpy simulacra (IceCv)
  40 nagas
  14 water moccasins
  5 hell hounds
  An iron troll simulacrum (IceCv)
  9 porcupines
  2 hydra simulacra (IceCv)
  58 orc warriors
  2 sky beasts
  An ice beast (D:5)
  2 human zombies (Vaults:3)
  A phantom (D:13)
  An anubis guard zombie (Crypt:1)
  4 necrophages
  5 eyes of draining
  43 ogres
  8 boggarts
  4 wasps
  22 centaurs
  8 small abominations
  16 crocodiles
  7 big kobolds
  17 giant frogs
  A wyvern zombie (D:10)
  3 elf skeletons
  A dryad skeleton (Crypt:3)
  A scorpion (shapeshifter) (Vaults:5)
  2 scorpions
  3 killer bees (D:11)
  5 wights
  3 electric eels
  2 vampire bats (Orc:1)
  4 giant frog zombies
  4 crimson imps
  A quasit (Abyss:2)
  18 jellies
  22 orc priests
  14 hounds
  24 orc wizards
  Crazy Yiuf (D:7)
  14 two-headed ogre zombies (Orc:1)
  2 iron imps (Abyss:2)
  Jessica (D:3)
  A giant frog skeleton (D:11)
  7 worker ants
  6 iguanas
  15 sheep
  A naga skeleton (Crypt:2)
  An ogre zombie (Orc:1)
  A tengu skeleton (Abyss:2)
  6 hound skeletons
  25 mummies
  A worker ant zombie (D:7)
  9 adders
  36 river rats
  A shadow imp (D:6)
  A white imp (Abyss:2)
  2 ufetubi (Abyss:2)
  An ooze (D:3)
  3 adder skeletons
  An adder zombie (D:7)
  An iguana skeleton (Crypt:3)
  A worm (D:2)
  3 giant geckos
  94 orcs
  A ball python (D:4)
  3 giant cockroaches
  8 goblins
  5 hobgoblins
  19 jackals
  5 quokkas
  11 bats
  2 giant gecko zombies
  2 giant newts
  19 kobolds
  9 rats
  4 fire vortices (Pan)
  4 plants
  A starspawn tentacle (Abyss:2)
2311 creatures vanquished.

Vanquished Creatures (others)
  A vault warden (Vaults:5)
  A yellow draconian (Depths:5)
  A deep elf high priest (Vaults:5)
  A death scarab (Tomb:3)
  An unseen horror (shapeshifter) (Vaults:3)
  A putrid demonspawn (Pan)
  A vault sentinel (Vaults:5)
  An ancient zyme (Abyss:2)
  A blink frog (Lair:8)
  2 slime creatures (D:13)
  2 ushabtiu (Tomb:3)
  A quasit (Abyss:2)
  A mummy (Tomb:2)
  5 briar patches (Pan)
  4 fungi (Lair:8)
  3 lost souls (Crypt:3)
  7 plants
  7 starspawn tentacles (Abyss:2)
  24 starspawn tentacle segments (Abyss:2)
65 creatures vanquished.

Grand Total: 2376 creatures vanquished

Notes
Turn   | Place    | Note
--------------------------------------------------------------
     0 | D:1      | 4thArraOfDagon the Minotaur Summoner began the quest for the Orb.
     0 | D:1      | Reached XP level 1. HP: 14/14 MP: 1/1
    24 | D:1      | Reached skill level 1 in Fighting
   186 | D:1      | Reached XP level 2. HP: 16/24 MP: 3/3
   438 | D:2      | Reached skill level 3 in Fighting
   484 | D:3      | Reached XP level 3. HP: 21/31 MP: 4/4
   582 | D:3      | Noticed Jessica
   601 | D:3      | Killed Jessica
   601 | D:3      | Reached skill level 4 in Fighting
   601 | D:3      | Reached XP level 4. HP: 34/41 MP: 5/5
   818 | D:4      | Noticed a phantom
   887 | D:3      | Reached skill level 5 in Fighting
   960 | D:4      | Reached XP level 5. HP: 49/49 MP: 6/6
  1001 | D:4      | Reached skill level 6 in Fighting
  1094 | D:4      | Reached skill level 1 in Armour
  1150 | D:4      | Found a staircase to the Ecumenical Temple.
  1159 | Temple   | Entered the Ecumenical Temple
  1199 | Temple   | Became a worshipper of Cheibriados the Contemplative
  1216 | D:4      | Noticed an ogre
  1230 | D:4      | Killed an ogre
  1230 | D:4      | Reached XP level 6. HP: 35/58 MP: 7/7
  1345 | D:5      | Entered Level 5 of the Dungeon
  1376 | D:5      | Noticed an ice beast
  1385 | D:5      | Killed an ice beast
  1385 | D:5      | Reached skill level 1 in Invocations
  1446 | D:5      | Reached skill level 7 in Fighting
  1460 | D:5      | Noticed namelastname112's ghost (novice DrHu)
  1488 | D:6      | Reached * piety under Cheibriados
  1488 | D:6      | Reached XP level 7. HP: 16/66 MP: 8/8
  1724 | D:6      | Found a glowing drain.
  1729 | Sewer    | Entered a sewer
  1753 | Sewer    | Gained mutation: You have a pair of large horns on your head. [potion of mutation]
  1753 | Sewer    | Gained mutation: Armour fits poorly on your strangely shaped body. [potion of mutation]
  1753 | Sewer    | Gained mutation: You are dopey. (Int -2) [potion of mutation]
  1824 | Sewer    | Found a white marble altar of Elyvilon.
  1921 | D:6      | Reached skill level 8 in Fighting
  1921 | D:6      | Reached skill level 5 in Armour
  1990 | D:7      | Reached XP level 8. HP: 47/74 MP: 9/9
  1999 | D:7      | Reached ** piety under Cheibriados
  2260 | D:7      | Noticed Crazy Yiuf
  2262 | D:7      | Killed Crazy Yiuf
  2533 | D:8      | Noticed Prince Ribbit
  2543 | D:8      | Reached skill level 9 in Fighting
  2548 | D:8      | Killed Prince Ribbit
  2548 | D:8      | Reached skill level 5 in Invocations
  2617 | D:8      | Found Cylo Bif's Book Shop.
  2632 | D:8      | Noticed a two-headed ogre
  2640 | D:8      | Killed a two-headed ogre
  2640 | D:8      | Reached skill level 1 in Unarmed Combat
  2640 | D:8      | Reached XP level 9. HP: 72/83 MP: 11/11
  2774 | D:8      | Noticed Psyche
  2810 | D:8      | You fall through a shaft!
  2826 | D:9      | Found a burning altar of Makhleb.
  2830 | D:9      | Found a bloodstained altar of Trog.
  2830 | D:9      | Found a sacrificial altar of Ru.
  2830 | D:9      | Found a glowing golden altar of the Shining One.
  2839 | D:9      | Reached *** piety under Cheibriados
  2884 | D:9      | Found a staircase to the Orcish Mines.
  2915 | D:9      | Identified a scroll of acquirement
  2993 | D:10     | Entered Level 10 of the Dungeon
  3105 | D:10     | Reached skill level 1 in Shields
  3125 | D:10     | Found a staircase to the Lair.
  3159 | D:10     | Noticed a troll
  3167 | D:10     | Killed a troll
  3215 | D:10     | Reached skill level 5 in Dodging
  3341 | D:10     | Reached **** piety under Cheibriados
  3598 | D:11     | Noticed a troll
  3607 | D:11     | Killed a troll
  3607 | D:11     | Reached skill level 5 in Unarmed Combat
  3640 | D:11     | Reached skill level 10 in Fighting
  3656 | D:11     | Reached XP level 10. HP: 91/93 MP: 13/13
  3766 | D:11     | Reached skill level 5 in Shields
  3788 | D:11     | Reached ***** piety under Cheibriados
  3897 | D:11     | Noticed a hill giant
  3904 | D:11     | Killed a hill giant
  3928 | D:11     | Found Oras's Quality Used Wands.
  3938 | D:11     | Bought a wand of heal wounds (0/9) for 312 gold pieces
  3938 | D:11     | Bought a wand of disintegration (0/24) for 52 gold pieces
  3980 | D:11     | Noticed a hill giant
  3990 | D:11     | Killed a hill giant
  4008 | D:11     | Learned a level 2 spell: Sublimation of Blood
  4014 | D:11     | Learned a level 4 spell: Passage of Golubria
  4198 | D:12     | Reached XP level 11. HP: 84/101 MP: 15/15
  4217 | D:12     | Noticed a five-headed hydra
  4230 | D:12     | Noticed a hill giant
  4243 | D:12     | Killed a hill giant
  4420 | D:12     | Noticed a griffon
  4429 | D:12     | Killed a griffon
  4658 | D:13     | Noticed a hill giant
  4658 | D:13     | Noticed a cyan ugly thing
  4668 | D:13     | Killed a hill giant
  4685 | D:13     | Killed a green ugly thing
  4689 | D:13     | Gained mutation: You are very dopey. (Int -4) [mutagenic meat]
  4690 | D:13     | Gained mutation: You have large cloven feet. [mutagenic meat]
  4691 | D:13     | Gained mutation: Your magical capacity is low (-10% MP). [mutagenic meat]
  4692 | D:13     | Gained mutation: You occasionally shout uncontrollably at your foes. [mutagenic meat]
  4747 | D:13     | Noticed Azrael
  4817 | D:13     | Killed Azrael
  4905 | D:13     | Reached skill level 10 in Shields
  4923 | D:13     | Found a labyrinth entrance.
  4932 | Lab      | Entered a labyrinth
  5241 | Lab      | Noticed a minotaur
  5254 | Lab      | Killed a minotaur
  5280 | Lab      | Identified a +5 rod of ignition (13/13) (You found it in a labyrinth)
  5315 | D:13     | Reached XP level 12. HP: 98/107 MP: 15/15
  5316 | D:13     | Noticed namelastname112's ghost (journeyman DrHu)
  5359 | D:13     | Noticed a tengu warrior
  5360 | D:13     | Noticed a tengu warrior
  5375 | D:13     | Reached skill level 10 in Unarmed Combat
  5382 | D:13     | Killed a tengu warrior
  5459 | D:14     | Noticed a centaur warrior
  5547 | D:13     | Noticed a vault guard
  5576 | D:14     | Noticed Agnes
  5579 | D:14     | Reached skill level 11 in Shields
  5579 | D:14     | Killed Agnes
  5669 | D:15     | Entered Level 15 of the Dungeon
  5726 | D:14     | Lost mutation: Your magical capacity is low (-10% MP). [mutagenic meat]
  5727 | D:14     | Gained mutation: Your body sometimes deteriorates upon taking damage. [mutagenic meat]
  5757 | D:15     | Noticed a centaur warrior
  5767 | D:15     | Killed a centaur warrior
  5767 | D:15     | Reached skill level 12 in Shields
  5811 | D:15     | Noticed a centaur warrior
  5818 | D:15     | Killed a centaur warrior
  5965 | D:15     | Got a polished scale mail
  6002 | D:15     | Gained mutation: You evolve. [mutagenic meat]
  6003 | D:15     | Gained mutation: You are partially covered in rough black scales (AC +4, Dex -1). [mutagenic meat]
  6049 | D:15     | Learned a level 5 spell: Blade Hands
  6051 | D:15     | Identified the +6 scale mail "Quirocal" {*Drain Int+4} (You acquired it on level 15 of the Dungeon)
  6168 | D:15     | Lost mutation: You have a pair of large horns on your head. [evolution]
  6172 | D:15     | Noticed Urug
  6186 | D:15     | Killed Urug
  6186 | D:15     | Reached XP level 13. HP: 96/114 MP: 17/19
  6398 | D:12     | Noticed Nergalle
  6456 | D:12     | free drain
  6462 | D:12     | Killed Nergalle
  6665 | Orc:1    | Entered Level 1 of the Orcish Mines
  6730 | Orc:1    | Found a bloodstained altar of Trog.
  6931 | Orc:1    | Noticed an orc warlord
  6941 | Orc:1    | Reached skill level 13 in Shields
  6941 | Orc:1    | Killed an orc warlord
  7326 | Orc:2    | Entered Level 2 of the Orcish Mines
  7326 | Orc:2    | Found a staircase to the Elven Halls.
  7326 | Orc:2    | Noticed an orc warlord
  7338 | Orc:2    | Killed an orc warlord
  7338 | Orc:2    | Reached skill level 10 in Dodging
  7338 | Orc:2    | Reached skill level 10 in Invocations
  7580 | Orc:2    | Reached ****** piety under Cheibriados
  7757 | Orc:2    | Found Ypiptel's Book Boutique.
  7757 | Orc:2    | Found Qif Vone's Gadget Shoppe.
  7759 | Orc:2    | Found Benattoe's Distillery.
  7765 | Orc:2    | Found Ydaqiar's Assorted Antiques.
  7782 | Orc:2    | Reached skill level 14 in Shields
  7793 | Orc:2    | Bought a crude jade ring for 135 gold pieces
  7793 | Orc:2    | Bought a fuming purple potion for 24 gold pieces
  7795 | Orc:2    | Bought a book of Battle for 520 gold pieces
  7796 | Orc:2    | Bought a wand of teleportation (2/9) for 270 gold pieces
  7800 | Orc:2    | Bought 2 potions of curing for 84 gold pieces
  7800 | Orc:2    | Bought a potion of brilliance for 56 gold pieces
  7800 | Orc:2    | Bought a potion of heal wounds for 70 gold pieces
  7800 | Orc:2    | Bought a potion of mutation for 35 gold pieces
  7800 | Orc:2    | Bought a potion of berserk rage for 70 gold pieces
  7800 | Orc:2    | Bought a potion of lignification for 42 gold pieces
  7802 | Orc:2    | Lost mutation: You are very dopey. (Int -4) [potion of mutation]
  7871 | D:9      | Found a roughly hewn altar of Beogh.
  7945 | D:9      | Learned a level 3 spell: Regeneration
  8285 | D:9      | Reached XP level 14. HP: 122/122 MP: 20/20
  8316 | D:9      | Identified the ring of Essi {SustAt rC+ Int+4 Dex+4} (You bought it in a shop on level 2 of the Orcish Mines)
  8496 | Lair:1   | Entered Level 1 of the Lair of Beasts
  8501 | Lair:1   | Learned a level 2 spell: Song of Slaying
  8699 | Lair:1   | Reached skill level 1 in Transmutations
  8758 | Lair:1   | Found a dark tunnel.
  8768 | Volcano  | Entered a volcano
  9281 | Lair:6   | Noticed namelastname112's ghost (journeyman DrCK)
  9345 | Lair:8   | Entered Level 8 of the Lair of Beasts
  9359 | Lair:8   | Noticed Josephine
  9363 | Lair:8   | Found a staircase to the Slime Pits.
  9394 | Lair:8   | Killed Josephine
  9535 | Lair:8   | Reached skill level 15 in Shields
  9563 | Lair:8   | Lost mutation: Armour fits poorly on your strangely shaped body. [potion of cure mutation]
  9563 | Lair:8   | Lost mutation: You are partially covered in rough black scales (AC +4, Dex -1). [potion of cure mutation]
  9563 | Lair:8   | Lost mutation: You evolve. [potion of cure mutation]
  9563 | Lair:8   | Lost mutation: You are dopey. (Int -2) [potion of cure mutation]
  9563 | Lair:8   | Lost mutation: You occasionally shout uncontrollably at your foes. [potion of cure mutation]
  9563 | Lair:8   | Lost mutation: You have large cloven feet. [potion of cure mutation]
  9563 | Lair:8   | Lost mutation: Your body sometimes deteriorates upon taking damage. [potion of cure mutation]
  9896 | Lair:8   | Found a burning altar of Makhleb.
 10000 | Lair:8   | Found a gateway to Hell.
 10186 | Lair:8   | Reached XP level 15. HP: 128/128 MP: 21/21
 10385 | Lair:6   | Killed namelastname112's ghost
 10466 | Lair:6   | Reached skill level 5 in Transmutations
 10654 | Lair:5   | Learned a level 2 spell: Repel Missiles
 10831 | Lair:3   | Found a staircase to the Snake Pit.
 11075 | D:8      | Bought a book of the Earth for 975 gold pieces
 11376 | Lair:3   | Reached skill level 15 in Unarmed Combat
 11444 | Snake:1  | Entered Level 1 of the Snake Pit
 11461 | Snake:1  | Found a white marble altar of Elyvilon.
 11890 | Snake:4  | Entered Level 4 of the Snake Pit
 11991 | Snake:4  | Noticed a greater naga
 12127 | Snake:4  | Noticed a greater naga
 12144 | Snake:4  | Killed a greater naga
 12356 | Snake:4  | Noticed a greater naga
 12370 | Snake:4  | Killed a greater naga
 12370 | Snake:4  | Reached skill level 5 in Spellcasting
 12738 | Snake:4  | Noticed a greater naga
 12766 | Snake:4  | Killed a greater naga
 12785 | Snake:4  | Reached XP level 16. HP: 74/135 MP: 23/23
 13125 | Snake:4  | Learned a level 6 spell: Statue Form
 13433 | Snake:4  | Reached skill level 10 in Transmutations
 13467 | Snake:4  | Reached skill level 1 in Earth Magic
 13796 | Snake:4  | Got a serpentine rune of Zot
 14270 | Lair:4   | Found a staircase to the Shoals.
 14280 | Shoals:1 | Entered Level 1 of the Shoals
 14404 | Shoals:1 | Found Hirutub's Antique Weapon Emporium.
 14535 | Shoals:1 | Found a shattered altar of Ashenzari.
 14702 | Shoals:2 | Noticed Frances
 14710 | Shoals:2 | Killed Frances
 14773 | Shoals:2 | Reached skill level 5 in Earth Magic
 14779 | Shoals:2 | Noticed Polyphemus
 14803 | Shoals:2 | Killed Polyphemus
 14803 | Shoals:2 | Reached XP level 17. HP: 129/141 MP: 21/26
 15046 | Shoals:3 | Found a frozen archway.
 15071 | IceCv    | Entered an ice cave
 15257 | IceCv    | Gained mutation: Your magical capacity is low (-10% MP). [potion of mutation]
 15257 | IceCv    | Gained mutation: You possess an exceptional clarity of mind. [potion of mutation]
 15257 | IceCv    | Gained mutation: You evolve. [potion of mutation]
 15260 | IceCv    | Got a black opal-encrusted plate armour
 15261 | IceCv    | Identified the +1 plate armour of Summer {rC+} (You found it in an ice cave)
 15434 | Shoals:4 | Entered Level 4 of the Shoals
 15434 | Shoals:4 | Noticed Nikola
 15446 | Shoals:3 | Killed Nikola
 15557 | Shoals:4 | wow
 15582 | Shoals:4 | Got a transparent gold dragon armour
 15583 | Shoals:4 | Identified the +9 gold dragon armour "Qasheat" {rElec rPois rF+ rC+ Str+3 Int-4} (You found it on level 4 of the Shoals)
 15584 | Shoals:4 | wow
 15608 | Shoals:4 | Reached skill level 1 in Evocations
 15935 | Shoals:4 | Noticed Ilsuiw
 15967 | Shoals:4 | Noticed 4thArraOfDagon's ghost (adept TrAM)
 16033 | Shoals:4 | Killed 4thArraOfDagon's ghost
 16047 | Shoals:4 | Killed Ilsuiw
 16136 | Shoals:4 | Got a barnacled rune of Zot
 16518 | Lair:3   | Gained mutation: Your system is resistant to poisons. [evolution]
 16771 | D:13     | Found a gate to the Vaults.
 16774 | D:13     | Reached XP level 18. HP: 149/149 MP: 25/25
 16791 | Vaults:1 | Entered Level 1 of the Vaults
 16837 | Vaults:1 | Reached skill level 5 in Evocations
 17212 | Vaults:2 | Noticed a lich
 17217 | Vaults:2 | Killed a lich
 17301 | Vaults:3 | Noticed Saint Roka
 17396 | Vaults:3 | Reached skill level 1 in Charms
 17396 | Vaults:3 | Reached skill level 1 in Necromancy
 17553 | Vaults:3 | Killed Saint Roka
 17612 | Vaults:4 | Noticed Jorgrun
 17621 | Vaults:4 | Killed Jorgrun
 17728 | Vaults:5 | Entered Level 5 of the Vaults
 17728 | Vaults:5 | Noticed a golden dragon
 17768 | Vaults:4 | Turgon: Why didn't you slouch all these vault guards?
 17790 | Vaults:4 | Reached XP level 19. HP: 158/158 MP: 24/26
 17797 | Vaults:4 | Reached skill level 16 in Unarmed Combat
 17870 | Vaults:5 | Killed a golden dragon
 17876 | Vaults:5 | Noticed a lich
 17992 | Vaults:5 | Noticed Xtahua
 18011 | Vaults:5 | Noticed a lich
 18011 | Vaults:5 | Reached skill level 17 in Unarmed Combat
 18012 | Vaults:5 | Killed a lich
 18015 | Vaults:5 | Lost mutation: You evolve. [evolution]
 18018 | Vaults:4 | Killed Xtahua
 18098 | Vaults:4 | Killed a lich
 18156 | Vaults:5 | Cast into level 3 of the Abyss (a deep elf demonologist)
 18264 | Abyss:5  | Entered Level 5 of the Abyss
 18346 | Abyss:5  | Reached XP level 20. HP: 171/171 MP: 23/26
 18353 | Abyss:5  | Reached skill level 18 in Unarmed Combat
 18390 | Abyss:5  | Noticed a bone dragon
 18401 | Abyss:5  | Killed a bone dragon
 18435 | Abyss:5  | Noticed an ancient lich
 18449 | Abyss:5  | Killed an ancient lich
 18568 | Abyss:5  | Got an abyssal rune of Zot
 18594 | Vaults:5 | Escaped the Abyss
 18661 | Vaults:4 | Reached skill level 19 in Unarmed Combat
 18862 | Vaults:5 | Got a pitted granite ring
 18863 | Vaults:5 | Identified the ring "Zounelau" {Ice +Fly} (You found it on level 5 of the Vaults)
 18866 | Vaults:5 | 4thArraOfDagon: sup
 18866 | Vaults:5 | 4thArraOfDagon: yea i should i have slouch them i guess
 18885 | Vaults:5 | Reached skill level 15 in Dodging
 18940 | Vaults:5 | Identified a +9 rod of ignition (14/14) (You found it on level 5 of the Vaults)
 18965 | Vaults:5 | Got a silver rune of Zot
 19010 | Vaults:5 | Noticed a golden dragon
 19018 | Vaults:5 | Killed a golden dragon
 19141 | Vaults:5 | Learned a level 1 spell: Apportation
 19176 | Vaults:5 | Got a coiled turquoise ring
 19177 | Vaults:5 | Identified the ring of Sogimon {rF+ MR+ Str+2 SInv} (You found it on level 5 of the Vaults)
 19188 | Vaults:5 | Got an ancient glass ring
 19190 | Vaults:5 | Identified the ring of Iferoor {rElec rF- rC++ rN+ Slay+4} (You found it on level 5 of the Vaults)
 19235 | Vaults:5 | Cast into level 2 of the Abyss (a deep elf demonologist)
 19244 | Abyss:2  | Reached XP level 21. HP: 183/183 MP: 27/27
 19302 | Abyss:2  | Paralysed by accursed screaming for 1 turns
 19304 | Abyss:2  | Reached skill level 1 in Translocations
 19374 | Abyss:2  | Reached skill level 15 in Fighting
 19388 | Abyss:2  | Found a corrupted altar of Lugonu.
 19528 | Abyss:2  | Gained mutation: Scrolls take you a little longer to read. [a cacodemon]
 19577 | Abyss:2  | Reached skill level 20 in Unarmed Combat
 19699 | Vaults:5 | Escaped the Abyss
 19733 | Vaults:5 | Gained mutation: You are partially covered in rugged brown scales (AC +1, +3% HP). [potion of beneficial mutation]
 19931 | Vaults:3 | Found a staircase to the Crypt.
 19936 | Crypt:1  | Entered Level 1 of the Crypt
 19974 | Crypt:3  | Entered Level 3 of the Crypt
 20044 | Crypt:3  | Found a staircase to the Tomb.
 20054 | Tomb:1   | Entered Level 1 of the Tomb of the Ancients
 20229 | Tomb:1   | Noticed a greater mummy
 20240 | Tomb:1   | Killed a greater mummy
 20424 | Tomb:2   | Noticed a greater mummy
 20428 | Tomb:2   | Killed a greater mummy
 20430 | Tomb:2   | Noticed a greater mummy
 20430 | Tomb:2   | Noticed a greater mummy
 20486 | Tomb:3   | Entered Level 3 of the Tomb of the Ancients
 20541 | Tomb:3   | Noticed a greater mummy
 20542 | Tomb:3   | Noticed a greater mummy
 20545 | Tomb:3   | Noticed a greater mummy
 20612 | Tomb:2   | Killed a greater mummy
 20612 | Tomb:2   | Reached skill level 21 in Unarmed Combat
 20612 | Tomb:2   | Reached XP level 22. HP: 157/200 MP: 16/29
 20629 | Tomb:2   | Killed a greater mummy
 20636 | Tomb:2   | Killed a greater mummy
 20699 | Tomb:3   | Noticed a greater mummy
 20702 | Tomb:3   | Noticed a greater mummy
 20767 | Tomb:3   | Noticed Khufu
 20767 | Tomb:3   | Noticed a greater mummy
 20772 | Tomb:2   | Killed a greater mummy
 20816 | Tomb:2   | Killed a greater mummy
 20819 | Tomb:2   | Killed Khufu
 20869 | Tomb:3   | Killed a greater mummy
 20877 | Tomb:3   | Noticed a greater mummy
 20883 | Tomb:3   | Killed a greater mummy
 20885 | Tomb:3   | Noticed an ancient lich
 20891 | Tomb:3   | Killed an ancient lich
 20959 | Tomb:3   | Got a golden rune of Zot
 21076 | Tomb:3   | Got a scorched iron amulet
 21076 | Tomb:3   | Got a smoking glass ring
 21079 | Tomb:3   | Identified the amulet of Vesaig {Dismiss MR+ Stlth+} (You found it on level 3 of the Tomb of the Ancients)
 21082 | Tomb:3   | Identified the ring of the Messenger {EV+4 Dex+4} (You found it on level 3 of the Tomb of the Ancients)
 21096 | Tomb:3   | Learned a level 8 spell: Controlled Blink
 21162 | Tomb:1   | Noticed a greater mummy
 21162 | Tomb:1   | Noticed a greater mummy
 21162 | Tomb:1   | Noticed a greater mummy
 21163 | Tomb:1   | Noticed a greater mummy
 21163 | Tomb:1   | Noticed a greater mummy
 21163 | Tomb:1   | Noticed a greater mummy
 21165 | Tomb:1   | Noticed a greater mummy
 21165 | Tomb:1   | Noticed a greater mummy
 21165 | Tomb:1   | Noticed a greater mummy
 21165 | Tomb:1   | Noticed a greater mummy
 21165 | Tomb:1   | Noticed a greater mummy
 21165 | Tomb:1   | Noticed a greater mummy
 21167 | Tomb:1   | Noticed a greater mummy
 21167 | Tomb:1   | Noticed a greater mummy
 21168 | Tomb:1   | Noticed a greater mummy
 21169 | Tomb:1   | Killed a greater mummy
 21338 | Crypt:3  | Paralysed by something for 6 turns
 21348 | Crypt:3  | Reached skill level 22 in Unarmed Combat
 21356 | Crypt:3  | Paralysed by something for 6 turns
 21386 | Crypt:3  | Paralysed by something for 6 turns
 21432 | Crypt:3  | Found an ancient bone altar of Kikubaaqudgha.
 21450 | Crypt:3  | Paralysed by a vampire knight for 6 turns
 21482 | Crypt:3  | Reached skill level 5 in Translocations
 21486 | Crypt:3  | Reached XP level 23. HP: 211/211 MP: 31/31
 21598 | Crypt:3  | Noticed Jory
 21607 | Crypt:3  | Killed Jory
 21707 | Crypt:3  | Identified the Compendium of Evil Rites (You found it on level 3 of the Crypt)
 21903 | Crypt:3  | Noticed Frederick
 21908 | Crypt:3  | Killed Frederick
 22103 | Vaults:1 | Cast into level 2 of the Abyss (an ogre mage)
 22136 | Vaults:1 | Escaped the Abyss
 22288 | D:13     | 4thArraOfDagon: bbs
 22391 | D:13     | Killed namelastname112's ghost
 22654 | Slime:1  | Entered Level 1 of the Pits of Slime
 22793 | Slime:6  | Entered Level 6 of the Pits of Slime
 22853 | Slime:6  | Noticed the Royal Jelly
 22874 | Slime:6  | Killed the Royal Jelly
 22929 | Slime:6  | Learned a level 2 spell: Blink
 22943 | Slime:6  | Identified the Almanac of Poison (You found it on level 6 of the Pits of Slime)
 22961 | Slime:6  | Got a slimy rune of Zot
 22968 | Slime:6  | Got a sheer robe
 22971 | Slime:6  | Identified the +3 robe of Perpetual Drought {+Blink rC- Dex+7} (You found it on level 6 of the Pits of Slime)
 23001 | Slime:6  | Reached XP level 24. HP: 224/224 MP: 28/31
 23397 | D:15     | Found a staircase to the Depths.
 23407 | Depths:1 | Entered Level 1 of the Depths
 23646 | Depths:2 | Paralysed by a sphinx for 7 turns
 23737 | Depths:2 | Reached skill level 15 in Invocations
 23747 | Depths:2 | Got an ancient lead ring
 23751 | Depths:2 | Identified the ring of Cevuzie {rC+ MP+9 Str+7 Int+7} (You took it off a spriggan berserker on level 2 of the Depths)
 23892 | Depths:3 | Found a one-way gate leading to the halls of Pandemonium.
 24036 | Depths:4 | Reached skill level 10 in Spellcasting
 24067 | Depths:4 | Noticed Louise
 24068 | Depths:4 | Found a one-way gate to the infinite horrors of the Abyss.
 24075 | Depths:4 | Killed Louise
 24196 | Depths:5 | Entered Level 5 of the Depths
 24305 | Depths:4 | Noticed kroki's ghost (veteran MiBe)
 24311 | Depths:4 | Killed kroki's ghost
 24484 | Depths:5 | Noticed a juggernaut
 24488 | Depths:5 | Killed a juggernaut
 24488 | Depths:5 | Reached XP level 25. HP: 237/237 MP: 32/32
 24564 | Depths:5 | Reached skill level 10 in Translocations
 24568 | Depths:5 | Turgon: What's next? Pan?
 24578 | Depths:5 | Found a gate to the Realm of Zot.
 24611 | Depths:5 | 4thArraOfDagon: yea
 24797 | Depths:3 | Noticed the Enchantress
 24801 | Depths:3 | Killed the Enchantress
 24803 | Depths:3 | Got a faerie dragon armour
 24806 | Depths:3 | Identified the +1 faerie dragon armour {Str+2 Int+7 Dex-4} (You took it off the Enchantress on level 3 of the Depths)
 24813 | Depths:3 | Turgon: What I really liked with Ash is that you know every portal to pan/tomb/hell in the depths immediately.
 24835 | Depths:3 | Turgon: This saves a lot of time in the depths.
 24870 | Depths:3 | Turgon: pan/hell/abyss*
 24974 | Depths:3 | 4thArraOfDagon: i guess
 24974 | Depths:3 | 4thArraOfDagon: i didnt grow up for ash yet
 24974 | Depths:3 | 4thArraOfDagon: have to take lessons from you ^_^
 24978 | Depths:3 | Turgon: well, you lose lots of k turns in early game
 25000 | Depths:3 | Turgon: First rune usually after 10 k
 25024 | Depths:3 | Noticed Mennas
 25028 | Depths:3 | Killed Mennas
 25054 | Depths:3 | Turgon: ... or later
 25156 | Pan      | Entered Pandemonium
 25162 | Pan      | Found an exit through the horrors of the Abyss.
 25345 | Pan      | Got a pair of twisted gloves
 25348 | Pan      | Identified the +2 pair of gloves of the Hunter {Str+3 Dex+5} (You found it in Pandemonium)
 25423 | Pan      | Found an exit through the horrors of the Abyss.
 25509 | Pan      | Found an exit through the horrors of the Abyss.
 25604 | Pan      | Found an exit through the horrors of the Abyss.
 25692 | Pan      | Reached XP level 26. HP: 249/249 MP: 33/33
 25847 | Pan      | Noticed Nithoonk the pandemonium lord
 25850 | Pan      | Killed Nithoonk the pandemonium lord
 25869 | Pan      | Got a demonic rune of Zot
 25875 | Pan      | Turgon: oh
 25914 | Pan      | Turgon: I didn't expect pan rune here
 26014 | Pan      | Found an exit through the horrors of the Abyss.
 26094 | Pan      | Noticed Yvvuw the pandemonium lord
 26100 | Pan      | Killed Yvvuw the pandemonium lord
 26184 | Pan      | Cast into level 2 of the Abyss (infernal warmonger)
 26461 | Pan      | Escaped the Abyss
 26552 | Pan      | Entered the realm of Cerebov.
 26559 | Pan      | Got a smoking robe
 26562 | Pan      | Identified the +0 robe of the Bulwark {-Tele MR+ Stlth+} (You found it in Pandemonium)
 26720 | Pan      | Identified Wederot's Collected Works on Weightlessness and Arcane Weapons (You found it in Pandemonium)
 26760 | Pan      | Identified the Disquisition on Confrontation (You found it in Pandemonium)
 26798 | Pan      | Got a scorched bone ring
 26801 | Pan      | Identified the ring of Laeses {Int+5 Dex+4} (You found it in Pandemonium)
 26845 | Pan      | Noticed Cerebov
 26856 | Pan      | Identified the +6 Sword of Cerebov {flame}
 26856 | Pan      | Slain by Cerebov

Vault maps used:
D:1:      onia_arrival_pentagram
D:2:      old_standard_altar
D:3:      kiku_gazebo_pond_becter, first_bread, uniq_jessica
D:4:      temple_statues, st_stairs_4
D:5:      grunt_temple_overflow_opulence, lemuel_coloured_pillars_altar,
          grunt_tough_drop, uniq_menkaure
D:6:      lightli_sewer_entry_pipes, hangedman_decor_clover_reticule
D:7:      the_bakery, uniq_crazy_yiuf_cottage
D:8:      minmay_goldmine, serial_shops, shop_fountains, uniq_prince_ribbit1,
          uniq_psyche
D:9:      cheibrodos_stairvault_heist, grunt_temple_overflow_open,
          minmay_orc_entry_temple_small, grunt_ministairs_9
D:10:     erik_lair_island
D:11:     nicolae_for_you_no_charge
D:12:     uniq_nergalle
D:13:     grunt_vaults_entry_fortified, lab_entry_generic,
          corexii_leaking_fountain, spider_trap, uniq_azrael
D:14:     old_standard_altar, uniq_sonja, uniq_agnes, uniq_maud
D:15:     grunt_enter_depths_snipers, serial_bayou, serial_bayou_pond_b,
          serial_bayou_shore_b, serial_bayou_pond_e, serial_bayou_pond_e,
          uniq_urug
Temple:   triangle_lava_temple_11
Lair:1:   enter_volcano_2, hangedman_lair_unloving_vines, beast_lair_carwin_5
Lair:2:   grunt_forest_stairs_basic, serial_bayou_shore_b
Lair:3:   guppyfry_snake_entry_island
Lair:4:   elwin_shoals_entry_rooms, eino_house_with_fridge
Lair:5:   serial_bayou_pond_b, grunt_megastairs_2
Lair:7:   grunt_forest_small_clearing_treed
Lair:8:   evil_forest, dpeg_slime_entry_corner, lemuel_old_faithful,
          serial_bayou_shore_b, uniq_josephine
Shoals:1: serial_shops, nicolae_shop_overgrown_old_shop, lemuel_oklob_altar
Shoals:2: uniq_polyphemus, uniq_frances
Shoals:3: portal_ice_cave_entry_ice_statue_02, uniq_kirke
Shoals:4: shoals_end_grunt_garden, shoals_ilsuiw_alternative, uniq_nikola
Snake:1:  basic_altar, spider_trap
Snake:2:  basic_altar, uniq_aizul
Snake:3:  serial_shops, shop
Snake:4:  grunt_snake_rune_spirals
Slime:3:  cheibrodos_slime_lost_civilization_7
Orc:1:    lemuel_ogre_cave, nicolae_orc_sculptors_studio, roderic_batcave,
          trog_butcher_becter
Orc:2:    st_orc_rangers
Vaults:1: hangedman_vaults_trim, vaults_mumra_chevron, hangedman_vaults_trim,
          vaults_standard_mumra_lines, ontoclasm_vaults_chip, st_lattice,
          v_misc_9, vaults_room_door_hall, nicolae_vaults_little_squares_4,
          nicolae_vaults_little_squares_2
Vaults:2: hangedman_vaults_nails, v_misc_16, vaults_room_corners,
          vaults_room_pools, vaults_room_semicircle, v_misc_9, vaults_mumra_hex
Vaults:3: st_eye, hangedman_vaults_cutoff, vaults_room_boxed,
          hangedman_vaults_stagger, minmay_crypt_entry_simple_box,
          vaults_mumra_hexcomb, vaults_room_stairs_pillars, v_misc_11,
          uniq_saint_roka
Vaults:4: nicolae_vaults_rhombus_5, v_misc_22, ontoclasm_vaults_chip,
          nicolae_vaults_asterisk, ontoclasm_vaults_bender, sword_in_stone,
          grunt_vaults_twisty, grunt_vaults_funnel, vaults_dpeg_ring,
          nicolae_vaults_alarming, vaults_room_pools, uniq_jorgrun, uniq_sojobo
Vaults:5: uniq_xtahua
Crypt:3:  church_of_pain_bobbens, nicolae_tomb_entry_grand_gallery,
          uniq_frederick, uniq_jory
Depths:1: hell_entry, nicolae_lava_and_water
Depths:2: hangedman_arch_fort, enter_ziggurat_a, grunt_mini_vestibule,
          infiniplex_staircase_diamond
Depths:3: minmay_textured_paths, pf_hell_entry_tar_river, pan_entry,
          infiniplex_staircase_zigzag_3, uniq_mennas, uniq_enchantress
Depths:4: evilmike_makhleb_hellhole, special_room, pf_hell_entry_great_geh,
          nicolae_abyss_entry_one_way_or_another, minmay_misc_feat_four_crosses,
          kennysheep_generic_room_12
Depths:5: grunt_runaround, hell_entry
Abyss:2:  evilmike_abyss_exit_11, guppyfry_abyss_exit_glass_guarded
Abyss:3:  evilmike_abyss_exit_11
Abyss:5:  kb_abyss_rune_zappy
Pan:      evilmike_mini_pan_corner, nicolae_pan_giant_door,
          nicolae_pan_double_arrow, pan_blood_fountain_small,
          nicolae_pan_gloorx_vloqian_4, rand_demon_7, rand_demon_3,
          nicolae_pan_diamonds, rand_demon_8, evilmike_mini_pan_3x3,
          reaverb_pan_chaos_star, grunt_pan_zigzag, nicolae_pan_glass_arcs,
          pan_blood_fountain_small, nicolae_pan_cerebovesque_1, pan_disco_hall,
          pan_blood_fountain, rand_demon_5, pan_blood_fountain,
          grunt_pan_spiral, lemuel_hall_of_pain, cerebov, nicolae_pan_sigil_itan
Lab:      labyrinth_spiral
Sewer:    sewer_kobolds
IceCv:    ice_cave_tombish
Volcano:  volcano_village

Action                   |  1- 3 |  4- 6 |  7- 9 | 10-12 | 13-15 | 16-18 | 19-21 | 22-24 | 25-27 || total
-------------------------+-------+-------+-------+-------+-------+-------+-------+-------+-------++-------
Melee: Unarmed           |    10 |       |       |   334 |  1289 |   882 |   580 |   872 |   475 ||  4442
       Mace              |    73 |    14 |       |       |       |       |       |       |       ||    87
       Spear             |       |    79 |   303 |    83 |       |       |       |       |       ||   465
       Staff             |       |       |       |       |       |     2 |       |       |       ||     2
Throw: Tomahawk          |       |       |     3 |       |       |       |       |       |       ||     3
 Cast: Repel Missiles    |       |       |       |       |     1 |       |       |       |       ||     1
       Statue Form       |       |       |       |       |       |    39 |    50 |    43 |    30 ||   162
       Regeneration      |       |       |       |       |       |     5 |    12 |    25 |    19 ||    61
       Blade Hands       |       |       |       |       |       |     1 |       |       |       ||     1
       Apportation       |       |       |       |       |       |       |     5 |    40 |    39 ||    84
       Passage of Golubr |       |       |       |       |       |       |       |     2 |       ||     2
Invok: Slouch            |       |       |       |     7 |     6 |    15 |    13 |     2 |     7 ||    50
       Bend Time         |       |       |       |     1 |     1 |       |       |       |       ||     2
       Temporal Distorti |       |       |       |     1 |       |       |     3 |     4 |       ||     8
 Abil: End Transformatio |       |       |       |       |       |       |       |       |     2 ||     2
Evoke: Wand              |       |     3 |    13 |    18 |    12 |     3 |     2 |     2 |     1 ||    54
       Rod               |       |       |       |     1 |       |       |       |       |       ||     1
       Deck              |       |       |       |       |       |     3 |     2 |       |     2 ||     7
  Use: Scroll            |       |     3 |    15 |    10 |    11 |     9 |    11 |    11 |     7 ||    77
       Potion            |       |       |     2 |    10 |     7 |     2 |     1 |     4 |     1 ||    27
 Stab: Sleeping          |       |       |     2 |       |    14 |     6 |       |     2 |     1 ||    25
       Distracted        |       |       |       |       |     3 |       |     2 |     1 |     1 ||     7
       Invisible         |       |       |       |       |     1 |       |       |       |       ||     1
  Eat: Chunk             |       |     2 |     8 |    17 |     6 |     8 |    10 |     4 |       ||    55
       Beef jerky        |       |       |       |       |     7 |     1 |     3 |     3 |     1 ||    15
       Royal jelly       |       |       |       |       |     1 |     1 |     1 |       |     1 ||     4
       Pizza             |       |       |       |       |     2 |       |       |     3 |       ||     5
       Fruit             |       |       |       |       |       |     8 |       |       |     3 ||    11
       Meat ration       |       |       |       |       |       |     1 |     3 |     3 |     1 ||     8
